 Seeded DCSS version 0.30.0 (webtiles) character file.

Game seed: 7229806256980976716 (custom seed)

29 bananamous the Chopper (level 3, 31/31 HPs)
             Began as a Draconian Berserker on July 10, 2023.
             Was a Follower of Trog.
             Got out of the dungeon alive.
             The game lasted 00:02:51 (896 turns).

bananamous the Chopper (Draconian Berserker)         Turns: 896, Time: 00:02:52

Health: 31/31      AC:  7    Str: 21    XL:     3   Next: 1%
Magic:  3/3        EV: 12    Int:  7    God:    Trog [*.....]
Gold:   1020       SH:  0    Dex: 10    Spells: 2/2 levels left

rFire   . . .        g - +2 executioner's axe (freeze)
rCold   . . .        (shield currently unavailable)
rNeg    . . .        (body armour unavailable)
rPois   .            k - +2 hood of the Assassin {Detect Stab+ Stlth++}
rElec   .            (no cloak)
rCorr   .            (no gloves)
SInv    .            (no boots)
Will    .....        (no amulet)
Stlth   +++          (no ring)
HPRegen 0.25/turn    (no ring)
MPRegen 0.08/turn

%: no passive effects
@: no status effects
A: AC +5, unfitting armour, cold-blooded
a: Renounce Religion, Berserk


You escaped.
You worshipped Trog.
Trog was aware of your devotion.
You visited 1 branch of the dungeon, and saw 2 of its levels.

You collected 1020 gold pieces.

Inventory:

Hand Weapons
 a - a +0 hand axe
 g - a +2 executioner's axe of freezing (weapon)
Missiles
 f - a throwing net (quivered)
Armour
 k - the +2 hood of the Assassin (worn) {Detect Stab+ Stlth++}
   (You acquired it on level 1 of the Dungeon)

   Detect:    It allows the wearer to sense nearby creatures.
   Stab+:     It allows the wearer to make particularly effective stabbing
   attacks against helpless or unaware enemies with any weapon.
   Stlth:     It makes you much more stealthy.
Scrolls
 b - 2 scrolls of amnesia {unknown}
 c - a scroll of blinking {unknown}
 e - 2 scrolls of identify {unknown}
 h - a scroll of teleportation {unknown}
 j - a scroll of enchant armour {unknown}
Potions
 d - a potion of mutation {unknown}
 i - a potion of might {unknown}
 l - 2 potions of curing {unknown}


   Skills:
 - Level 3.3 Fighting
 + Level 4.2 Axes
 - Level 2.7 Dodging


You had 2 spell levels left.
You didn't know any spells.
Your spell library was empty.

Dungeon Overview and Level Annotations

Branches:
Dungeon (2/15)

Altars:


Innate Abilities, Weirdness & Mutations

Your plain brown scales are hard. (AC +5)
You cannot fit into any form of body armour.
You are cold-blooded and may be slowed by cold attacks.


Message History

You closely miss the ball python. The ball python misses you.
The ball python closely misses you. x2; The ball python misses you.
You barely miss the ball python. The ball python barely misses you. x3
The ball python grabs you. The ball python constricts you.
You slash the ball python! You freeze the ball python.
You kill the ball python!
Trog accepts your kill.
No target in view!
No target in view!
No target in view!
No target in view!
You see here a ball python corpse.
A worm comes into view.
A worm is nearby!
The helpless worm fails to defend itself.
You slash the worm! You freeze the worm.
Your tail-slap misses the worm.
The worm is severely wounded.
The worm barely misses you.
You hit the worm. You freeze the worm.
You kill the worm!
Trog accepts your kill.
You have reached level 3!
Your experience leads to an increase in your attributes!
Increase (S)trength, (I)ntelligence, or (D)exterity?
Uppercase letters only, please.
You feel stronger. x2; Your scales feel tougher.
(D) Dungeon
Where to? (Enter - D:2, ? - help)
What level of the Dungeon? (default 1, ? - help)
You now have 1020 gold pieces (gained 9).
There is a stone staircase leading up here.
You climb upwards.
There is a stone staircase leading down here.
Things that are here:
a jackal skeleton; a jackal skeleton You open the door.
There is an open door here.
There is a staircase leading out of the dungeon here.
Are you sure you want to leave the Dungeon?
This will make you lose the game!
You have escaped!

#..# #..# #.# #####.# #.## ###.#
..# #.# ######.#####...# #.# #.#
#..............# #.# #.#
#..##+#'#'##...# #.#
#.########.#.#.###..# #.#
#......##⌠.P.P.⌠##.##
#.###..######.......###.##
#......### ##...@...####.##
#.##.....# ###########..#.#
#.##.###.####♣..>..♣###..##
#....# #...##.......###.##
..##.###.####♣.⌠_⌠.♣##..#########
####.....# #####⌠#####...........
.......### ############.########
######## #.# ######### #.#


There were no monsters in sight!

Vanquished Creatures
  A worm (D:2)
  3 bats (D:1)
  2 giant cockroaches (D:1)
  A goblin (D:1)
  2 hobgoblins (D:1)
  6 jackals (D:1)
  2 quokkas (D:1)
  3 ball pythons
  A frilled lizard (D:1)
  A rat (D:1)
22 creatures vanquished.

Notes
Turn   | Place    | Note
-------+----------+-------------------------------------------
     0 | D:1      | bananamous the Draconian Berserker began the quest for the
                  | Orb.
     0 | D:1      | Reached XP level 1. HP: 19/19 MP: 1/1
   333 | D:1      | Reached XP level 2. HP: 26/26 MP: 2/2
   437 | D:1      | Reached skill level 4 in Axes
   751 | D:1      | Identified 3 scrolls of acquirement
   751 | D:1      | Acquired 961 gold pieces
   752 | D:1      | Acquired a +2 executioner's axe of freezing
   753 | D:1      | Acquired the +2 hood of the Assassin {Detect Stab+ Stlth++}
   753 | D:1      | Found the +2 hood of the Assassin {Detect Stab+ Stlth++}
   808 | D:2      | Reached XP level 3. HP: 31/31 MP: 3/3
   896 | D:$      | Got out of the dungeon alive.

Illustrated notes

Levels and vault maps discovered:
D:1:      spicycebolla_arrival_ecumenical, layout_loops_ring
D:2:      layout_basic

Skill      XL: |  1  2 |
---------------+-------+-----
Axes           | 4 |  4.2
Fighting       | |  3.3
Dodging        | |  2.7

Action                     || total
---------------------------++-------
  Melee: Hand axe          ||    54
         Tailslap          ||     5
         Executioner's axe ||     5
    Use: Scroll            ||     3
   Stab: Sleeping          ||     1
 Armour: Skin              ||    15
  Dodge: Dodged            ||    56
